 Dungeon Crawl Stone Soup version 0.18-a0-750-g37044d6 (webtiles) character file.

12070 JokEr the Grappler (level 11, -1/110 HPs)
             Began as a Ghoul Monk on Dec 11, 2015.
             Was a Priest of Ru.
             Slain by an eight-headed hydra (11 damage)
             ... on level 2 of the Lair of Beasts on Dec 12, 2015.
             The game lasted 00:59:43 (15101 turns).

JokEr the Grappler (Ghoul Monk)                    Turns: 15101, Time: 00:59:43

Health: -1/110     AC: 12    Str: 24    XL:     11   Next: 87%
Magic:  10/10      EV:  6    Int:  8    God:    Ru [***...]
Gold:   561        SH:  0    Dex: 11    Spells: 0 memorised, 10 levels left

rFire  + . .     SeeInvis .       - Unarmed
rCold  + . .     Clarity  .     E - +1 plate armour
rNeg   + + +     SustAt   .     (no shield)
rPois  ∞         Gourm    .     F - +1 hat {Int+3}
rElec  .         Spirit   .     (no cloak)
rCorr  .         Dismiss  .     (no gloves)
rMut   .         Stasis   .     (no boots)
MR     .....                    O - amulet of regeneration
Stlth  ..........               v - +5 ring of strength
                                r - ring of protection from fire

@: exhausted, rotting, drained, not resistant to hostile enchantments, extremely
unstealthy
A: rotting body, claws 1, carnivore 3, cold resistance 1, negative energy
resistance 3, slow regeneration 1, torment resistance, unbreathing, no stealth,
hated by all, inability to train dodging
a: Draw Out Power, Renounce Religion


You were on level 2 of the Lair of Beasts.
You worshipped Ru.
Ru was most pleased with you.
You were not hungry.

You visited 3 branches of the dungeon, and saw 13 of its levels.

You collected 858 gold pieces.
You spent 297 gold pieces at shops.

Inventory:

Armour
 E - a +1 plate armour (worn)
 F - a +1 hat of intelligence (worn)
Jewellery
 p - an uncursed amulet of rage {unknown}
 r - a ring of protection from fire (left claw)
 v - a +5 ring of strength (right claw)
 A - an uncursed ring of protection from fire
 I - an uncursed amulet of resist corrosion {unknown}
 O - an amulet of regeneration (around neck)
Wands
 m - a wand of cold (7)
 n - a wand of polymorph (16)
 u - a wand of polymorph (2)
 w - a wand of flame (36)
 x - a wand of confusion (34)
 y - a wand of random effects (17)
 C - a wand of heal wounds (4)
 D - a wand of fire (4)
 G - a wand of fire (5)
 K - a wand of paralysis (13)
Scrolls
 a - 3 scrolls of magic mapping
 d - a scroll of amnesia
 f - a scroll of fear
 k - 4 scrolls of teleportation
 s - 4 scrolls of remove curse
 z - 2 scrolls of identify
 B - a scroll of recharging
 N - 2 scrolls of enchant weapon
Potions
 e - a potion of magic
 h - 3 potions of cancellation
 j - 2 potions of cure mutation
 l - a potion of degeneration
 o - 2 potions of haste
 q - 4 potions of curing
 t - 4 potions of heal wounds {unknown}
 H - 2 potions of might {unknown}
 J - 2 potions of brilliance {unknown}
Comestibles
 b - 7 meat rations
 c - 2 slices of pizza
 i - 3 beef jerkies


   Skills:
 - Level 14.0(13.6) Fighting
 * Level 2.5(2.1) Armour
 - Level 14.1(13.7) Unarmed Combat


You had 10 spell levels left.
You didn't know any spells.

Dungeon Overview and Level Annotations

Branches:
Dungeon (10/15)            Temple (1/1) D:5            Lair (2/8) D:9
    Orc (0/4) D:10

Altars:
Ashenzari
Cheibriados
Dithmenos
Elyvilon
Fedhas
Gozag
Kikubaaqudgha
Makhleb
Nemelex Xobeh
Okawaru
Pakellas
Qazlal
Ru
Sif Muna
Trog
Vehumet
Xom
Yredelemnul
Zin
The Shining One
Beogh

Shops:
D:5 *   D:8 *   D:9 [   D:10 *


Innate Abilities, Weirdness & Mutations

Your body is rotting away.
You thrive on raw meat.
You are immune to poison.
You have sharp fingernails.
You are carnivorous and can eat meat at any time.
Your flesh is cold resistant.
You are immune to negative energy.
You regenerate slowly when monsters are visible.
You are immune to unholy pain and torment.
You can survive without breathing.
You cannot be stealthy.
You are hated by all.
You cannot train Dodging skill.


Message History

Evoking this partially-identified wand wasted a few charges.
The eight-headed hydra barely misses you. x2
The eight-headed hydra bites you but does no damage.
The eight-headed hydra barely misses you.
The eight-headed hydra bites you. x3
* * * LOW HITPOINT WARNING * * *
The eight-headed hydra bites you!
* * * LOW HITPOINT WARNING * * *
You focus your will and illuminate the eight-headed hydra in retribution!
Read which item? (? for menu, Esc to quit)
As you read the scroll of fear, it crumbles to dust.
You assume a fearsome visage.
The eight-headed hydra resists with almost no effort.
The eight-headed hydra barely misses you.
The eight-headed hydra bites you!
* * * LOW HITPOINT WARNING * * *
The eight-headed hydra bites you.
* * * LOW HITPOINT WARNING * * *
The eight-headed hydra bites you!
You die...

# #................##
#.##......##+#......P#
...........#.##.#...P#
..P#......##....#..###
.. #......##...##..#
.###......+........##
.##........#.###....#
............#..##..P#
................@...#
.................D.##
...................#
...................#
...................#
............##.##..#
#.P.......##.#. .#..
####........##. # ...
## #........#


You could see an eight-headed hydra.

Vanquished Creatures
  A hydra (Lair:2)
  An elephant (D:9)
  3 spiny frogs
  3 komodo dragons
  12 yaks
  A wyvern (D:10)
  2 hippogriffs
  Eustachio (D:6)
  A wraith (D:10)
  A hungry ghost (D:10)
  3 water moccasins
  A sky beast (D:6)
  3 orc warriors
  2 phantoms
  2 ice beasts
  3 black bears
  2 eyes of draining
  2 necrophages (D:10)
  4 crocodiles
  A wasp (D:8)
  4 ogres
  6 centaurs
  5 giant frogs
  A water moccasin zombie (D:10)
  A scorpion (D:4)
  5 killer bees (D:8)
  11 wights
  4 jellies
  3 crimson imps
  4 giant frog zombies
  2 giant frog skeletons
  4 hounds
  3 iguanas
  10 orc priests
  Crazy Yiuf (D:6)
  Jessica (D:2)
  13 orc wizards
  14 worker ants
  7 sheep
  4 hound skeletons
  3 gnolls (D:6)
  12 adders
  18 river rats
  2 shadow imps
  An adder skeleton (D:7)
  4 worms
  6 giant geckos
  79 orcs
  8 giant cockroaches
  6 goblins
  7 hobgoblins
  10 jackals
  7 kobolds
  7 quokkas
  A ball python (D:6)
  10 bats
  4 giant newts
  A quokka skeleton (D:9)
  7 rats
345 creatures vanquished.

Vanquished Creatures (others)
  2 hydras
  A killer bee (D:8)
  A river rat (Lair:1)
4 creatures vanquished.

Grand Total: 349 creatures vanquished

Notes
Turn   | Place    | Note
--------------------------------------------------------------
     0 | D:1      | JokEr the Ghoul Monk began the quest for the Orb.
     0 | D:1      | Reached XP level 1. HP: 19/19 MP: 0/0
   204 | D:1      | Reached XP level 2. HP: 17/27 MP: 1/1
   881 | D:2      | Reached skill level 5 in Unarmed Combat
   969 | D:2      | Reached XP level 3. HP: 15/33 MP: 2/2
  1150 | D:2      | Noticed Jessica
  1165 | D:2      | Killed Jessica
  1165 | D:2      | Reached XP level 4. HP: 39/39 MP: 3/3
  1748 | D:3      | Found a glowing golden altar of the Shining One.
  1757 | D:3      | Reached XP level 5. HP: 47/47 MP: 4/4
  1800 | D:3      | Reached skill level 6 in Unarmed Combat
  2139 | D:3      | Reached skill level 5 in Fighting
  2156 | D:3      | Found a basalt altar of Yredelemnul.
  2640 | D:4      | Reached XP level 6. HP: 39/56 MP: 5/5
  2812 | D:4      | Found a white marble altar of Elyvilon.
  2934 | D:4      | Reached skill level 7 in Unarmed Combat
  3055 | D:4      | Reached XP level 7. HP: 55/62 MP: 6/6
  3511 | D:4      | Found a blossoming altar of Fedhas.
  3591 | D:4      | Reached skill level 8 in Unarmed Combat
  3637 | D:4      | Reached XP level 8. HP: 55/73 MP: 7/7
  3932 | D:5      | Entered Level 5 of the Dungeon
  4009 | D:5      | Found a staircase to the Ecumenical Temple.
  4151 | Temple   | Entered the Ecumenical Temple
  4757 | D:5      | Found a shimmering altar of Xom.
  4826 | D:5      | Found a shattered altar of Ashenzari.
  4963 | D:5      | Found Alossof's Assorted Antiques.
  4972 | D:5      | Bought a scroll of teleportation for 69 gold pieces
  4972 | D:5      | Bought a scroll of identify for 46 gold pieces
  4972 | D:5      | Bought a scroll of identify for 46 gold pieces
  4972 | D:5      | Bought a scroll of identify for 46 gold pieces
  5346 | D:6      | Reached skill level 9 in Unarmed Combat
  5935 | D:6      | Found an oddly glowing altar of Pakellas.
  6076 | D:6      | Reached XP level 9. HP: 37/81 MP: 8/8
  6398 | D:6      | Noticed Eustachio
  6415 | D:6      | Killed Eustachio
  6415 | D:6      | Reached skill level 10 in Unarmed Combat
  7511 | D:6      | Noticed Crazy Yiuf
  7518 | D:6      | Killed Crazy Yiuf
  7726 | D:6      | Reached skill level 10 in Fighting
  8269 | D:7      | Found a sacrificial altar of Ru.
  8290 | D:7      | Reached skill level 11 in Unarmed Combat
  8301 | D:7      | Became a worshipper of Ru the Awakened
  8350 | D:7      | Gained mutation: You cannot train Dodging skill. [Ru sacrifice]
  8350 | D:7      | Reached * piety under Ru
  8918 | D:8      | Reached XP level 10. HP: 53/95 MP: 9/9
 10039 | D:8      | Found Deelenol's General Store.
 10044 | D:8      | Bought a scroll of identify for 30 gold pieces
 10080 | D:8      | Reached skill level 12 in Unarmed Combat
 10469 | D:8      | Found an iron altar of Okawaru.
 10570 | D:8      | Found a glowing silver altar of Zin.
 11328 | D:9      | Found a staircase to the Lair.
 11328 | D:9      | Noticed an elephant
 11348 | D:9      | Killed an elephant
 11493 | D:9      | Found Ceorrom's Antique Armour Shoppe.
 11790 | D:10     | Entered Level 10 of the Dungeon
 11801 | D:9      | Gained mutation: You cannot be stealthy. [Ru sacrifice]
 11801 | D:9      | Reached ** piety under Ru
 11834 | D:10     | Reached XP level 11. HP: 101/104 MP: 10/10
 11835 | D:10     | Reached skill level 13 in Unarmed Combat
 12348 | D:10     | Found a roughly hewn altar of Beogh.
 12348 | D:10     | Found a staircase to the Orcish Mines.
 12799 | D:10     | Found Naolor's General Store.
 12817 | D:10     | Bought a scroll of identify for 24 gold pieces
 12817 | D:10     | Bought a potion of curing for 36 gold pieces
 13410 | Lair:1   | Entered Level 1 of the Lair of Beasts
 13934 | Lair:1   | Gained mutation: You are hated by all. [Ru sacrifice]
 13934 | Lair:1   | Reached *** piety under Ru
 14271 | Lair:1   | Noticed a six-headed hydra
 14282 | Lair:1   | Killed a six-headed hydra
 14452 | Lair:1   | Identified a scroll of acquirement
 14480 | Lair:2   | Noticed a four-headed hydra
 14487 | Lair:2   | Killed a four-headed hydra
 14487 | Lair:2   | Reached skill level 14 in Unarmed Combat
 14608 | Lair:2   | Noticed a six-headed hydra
 14613 | Lair:2   | Killed a six-headed hydra
 14854 | Lair:2   | Reached skill level 1 in Armour
 15090 | Lair:2   | Noticed an eight-headed hydra
 15101 | Lair:2   | Slain by an eight-headed hydra

Vault maps used:
D:1:      dpeg_arrival_chase, serial_glass, glass_columns_a, glass_columns_a
D:2:      minivault_23, dk_vineyard_1, uniq_jessica
D:3:      lemuel_doored_altar, tso_oasis_becter, first_bread,
          hangedman_decor_opposing, minmay_misc_feat_tiny
D:4:      lemuel_coloured_pillars_altar, elyvilon_altar_5
D:5:      old_standard_altar, temple_doors_b, serial_shops, shop,
          lemuel_tele_altar
D:6:      lemuel_ice_spiral_2, grunt_pakellas_mercury, gup_sewer_entry_spiral,
          uniq_eustachio, uniq_crazy_yiuf_cottage
D:7:      nicolae_ru_sacrificial_ziggurat
D:8:      nicolae_overflow_crystal_walls, lemuel_round_altar, serial_shops,
          shop, st_stairs_4
D:9:      david_lair_generic, serial_shops, nicolae_shop_behind_doors
D:10:     david_orc_5, serial_shops, shop_coins
Temple:   oiseaux_autumnal_temple_12

Action                   |  1- 3 |  4- 6 |  7- 9 | 10-12 || total
-------------------------+-------+-------+-------+-------++-------
Melee: Unarmed           |    70 |   185 |   383 |   483 ||  1121
Invok: Sacrifice Nimblen |       |       |     1 |       ||     1
       Sacrifice Stealth |       |       |       |     1 ||     1
       Draw Out Power    |       |       |       |     2 ||     2
       Sacrifice Love    |       |       |       |     1 ||     1
Evoke: Wand              |       |       |       |     2 ||     2
  Use: Scroll            |     2 |     7 |    18 |    10 ||    37
       Potion            |       |     2 |     2 |     2 ||     6
 Stab: Sleeping          |     1 |     1 |       |       ||     2
       Invisible         |       |       |       |     2 ||     2
  Eat: Chunk             |    18 |    68 |    83 |   135 ||   304
